 Dungeon Crawl Stone Soup version 0.17.1-1-g73c8601 (webtiles) character file.

1145 Miyamura the Ducker (level 8, 0/38 HPs)
             Began as a Felid Monk on Jan 9, 2016.
             Killed by nerve-wracking pain
             ... invoked by a shadow imp
              (4 damage)
             ... on level 6 of the Dungeon.
             The game lasted 00:24:46 (9769 turns).

Miyamura the Ducker (Felid Monk)                    Turns: 9769, Time: 00:24:46

Health: 0/38       AC:  2    Str:  7    XL:     8   Next: 15%
Magic:  15/15      EV: 24    Int: 13    God:
Gold:   192        SH:  0    Dex: 19    Spells: 0 memorised, 15 levels left
                                        Lives:  0   Deaths: 2

rFire  . . .     SeeInvis +       - Unarmed
rCold  . . .     Clarity  .     (armour unavailable)
rNeg   . . .     SustAt   .     (shield unavailable)
rPois  .         Gourm    .     (helmet unavailable)
rElec  .         Spirit   .     (cloak unavailable)
rCorr  .         Warding  .     (gloves unavailable)
rMut   .         Stasis   .     (boots unavailable)
MR     +....                    p - amulet of faith
Stlth  +++++.....               (no ring)
                                (no ring)

@: about to teleport, quick, somewhat resistant to hostile enchantments, quite
stealthy
A: no armour, no weapons or thrown items, claws 1, fangs 3, see invisible,
carnivore 3, speed 1, shaggy fur 2, slow metabolism 1, sharp paws
a: no special abilities


You were on level 6 of the Dungeon.
You were completely stuffed.

You visited 1 branch of the dungeon, and saw 6 of its levels.

You collected 192 gold pieces.

Inventory:

Jewellery
 p - an amulet of faith (around neck)
 t - an uncursed amulet of clarity
Wands
 h - a wand of digging (3)
 v - a wand of teleportation (6)
Scrolls
 c - a scroll of teleportation
 e - a scroll of magic mapping
 f - 2 scrolls of recharging
 j - 4 scrolls of remove curse
 l - a scroll of immolation {unknown}
 n - a scroll of amnesia {unknown}
 o - a scroll of blinking
Potions
 d - 2 potions of resistance
 i - a potion of brilliance
 k - a potion of haste
 s - a potion of invisibility {unknown}
 u - a potion of berserk rage
Comestibles
 a - 2 meat rations
 m - a slice of pizza
 q - a royal jelly
 r - 5 chunks of flesh


   Skills:
 + Level 6.0 Fighting
 + Level 7.9 Dodging
 + Level 7.7 Stealth
 + Level 6.2 Unarmed Combat
 + Level 4.3 Spellcasting


You had 15 spell levels left.
You didn't know any spells.

Dungeon Overview and Level Annotations

Branches:
Dungeon (6/15)
 Temple: D:4-7

Altars:
Okawaru

Shops:
D:4 %


Innate Abilities, Weirdness & Mutations

You cannot wear armour.
You are incapable of wielding weapons or throwing items.
You have sharp claws.
You have razor-sharp teeth.
You have supernaturally acute eyesight.
You are carnivorous and can eat meat at any time.
You cover ground quickly.
You are covered in thick fur (AC +2).
You have a slow metabolism.
Your sharp claws are effective at attacking unaware monsters.


Message History

* * * LOW HITPOINT WARNING * * *
The giant frog closely misses you.
The shadow imp lashes its tail.
Read which item? (? for menu, Esc to quit)
As you read the scroll of fear, it crumbles to dust.
You assume a fearsome visage.
The shadow imp is unaffected.
The worker ant looks frightened!
The giant frog looks frightened!
Drink which item? (? for menu, Esc to quit)
You feel better.
You barely miss the shadow imp. The shadow imp hits you.
* * * LOW HITPOINT WARNING * * *
A worker ant comes into view.
Evoke which item? (* to show all) (? for menu, Esc to quit)
Okay, then.
Read which item? (? for menu, Esc to quit)
As you read the scroll of teleportation, it crumbles to dust.
You feel strangely unstable. The shadow imp misses you.
The shadow imp gestures at you. Pain shoots through your body!
You die...

.......#..#
.....###.#
.....a...# .
.....)#..# ..
.........### ...
....#####..##
.... ...## ##..#
..... ...#
#..######......
...# +...5..@..#
...#
#..#..........#
...#
#.##...........
...#
#..........a...#
...#
#####..........#
####
############


You could see a worker ant and a shadow imp.

Vanquished Creatures
  Grinder (D:3)
  Sigmund (D:4)
  The ghost of Bubs the Skirmisher, an amateur DsAK of Lugonu (D:5)
  An ogre (D:5)
  A centaur (D:6)
  A giant frog (D:6)
  2 crimson imps (D:5)
  A centaur zombie (D:6)
  4 hounds
  5 orc priests
  2 giant frog skeletons (D:5)
  A gnoll shaman (D:3)
  A jelly (D:3)
  Jessica (D:3)
  5 orc wizards
  5 worker ants
  5 gnolls (D:4)
  10 adders
  A shadow imp (D:5)
  4 worms
  A giant gecko (D:4)
  25 orcs
  4 ball pythons
  11 bats
  10 hobgoblins
  6 jackals
  A quokka (D:6)
  5 giant cockroaches
  A giant cockroach zombie (D:5)
  A giant gecko skeleton (D:5)
  8 giant newts
  10 goblins
  A jackal skeleton (D:5)
  7 kobolds
  A quokka zombie (D:5)
  9 rats
154 creatures vanquished.

Notes
Turn   | Place    | Note
--------------------------------------------------------------
     0 | D:1      | Miyamura the Felid Monk began the quest for the Orb.
     0 | D:1      | Reached XP level 1. HP: 10/10 MP: 2/2
   189 | D:1      | Reached XP level 2. HP: 14/14 MP: 3/3
  1483 | D:1      | Reached XP level 3. HP: 14/17 MP: 4/4
  2403 | D:2      | Reached skill level 1 in Spellcasting
  3030 | D:3      | Reached XP level 4. HP: 21/21 MP: 6/6
  3306 | D:3      | Noticed an orc warrior
  3409 | D:3      | Noticed Grinder
  3415 | D:3      | Paralysed by Grinder for 5 turns
  3707 | D:2      | Reached XP level 5. HP: 23/25 MP: 8/8
  3738 | D:2      | Reached skill level 5 in Dodging
  4486 | D:3      | Noticed Jessica
  4597 | D:3      | Killed Jessica
  4681 | D:2      | Reached skill level 5 in Stealth
  4798 | D:3      | Gained mutation: You are covered in thick fur (AC +2). [Felid growth]
  4798 | D:3      | Reached XP level 6. HP: 21/28 MP: 9/9
  5508 | D:4      | Noticed Sigmund
  5594 | D:3      | Paralysed by Grinder for 4 turns
  5596 | D:3      | Killed from afar by Grinder
  5597 | D:3      | Reached XP level 5. HP: -7/25 MP: 9/9
  6364 | D:3      | Killed Grinder
  6364 | D:3      | Reached skill level 6 in Dodging
  6364 | D:3      | Reached skill level 5 in Unarmed Combat
  6364 | D:3      | Reached XP level 6. HP: 4/29 MP: 9/11
  6689 | D:4      | Found Kitay's Food Emporium.
  6749 | D:4      | Killed Sigmund
  6749 | D:4      | Reached skill level 5 in Fighting
  6749 | D:4      | Reached XP level 7. HP: 17/33 MP: 12/12
  7867 | D:5      | Entered Level 5 of the Dungeon
  8331 | D:5      | Noticed Bubs's ghost (amateur DsAK)
  8577 | D:5      | Reached skill level 7 in Dodging
  8640 | D:5      | Slain by an ogre
  8641 | D:5      | Reached XP level 6. HP: -3/30 MP: 12/12
  8733 | D:5      | Killed Bubs's ghost
  8733 | D:5      | Reached XP level 7. HP: 32/33 MP: 13/13
  9605 | D:6      | Reached XP level 8. HP: 38/38 MP: 15/15
  9669 | D:6      | Found an iron altar of Okawaru.
  9769 | D:6      | Killed from afar by a shadow imp

Action                   |  1- 3 |  4- 6 |  7- 9 || total
-------------------------+-------+-------+-------++-------
Melee: Unarmed           |   155 |   193 |   180 ||   528
  Use: Scroll            |     4 |     6 |     4 ||    14
       Potion            |       |     8 |     1 ||     9
 Stab: Sleeping          |    11 |     7 |     9 ||    27
       Distracted        |       |     1 |     2 ||     3
  Eat: Chunk             |    11 |    12 |    13 ||    36
